 Dungeon Crawl Stone Soup version 0.30-a0-777-ga9a30cbeda (webtiles) character file.

Game seed: 1912207682761320829

128 bande the Trooper (level 5, -3/33 HPs)
             Began as a Gargoyle Fighter on Feb 14, 2023.
             Slain by Ijyb
             ... wielding a +0 club
              (5 damage)
             ... on level 3 of the Dungeon.
             The game lasted 00:04:05 (1775 turns).

bande the Trooper (Gargoyle Fighter)                Turns: 1775, Time: 00:04:06

Health: -3/33      AC:  0    Str: 19    XL:     5   Next: 12%
Magic:  5/5        EV: 13    Int:  9    God:
Gold:   188        SH:  0    Dex: 11    Spells: 4/4 levels left

rFire   . . .      SeeInvis .    (weapon currently unavailable)
rCold   . . .      Faith    .    (shield currently unavailable)
rNeg    + . .      Spirit   .    (body armour currently unavailable)
rPois   ∞          Reflect  .    (helmet currently unavailable)
rElec   .          Harm     .    (cloak currently unavailable)
rCorr   .          Rampage  .    (gloves currently unavailable)
Will    .....                    (boots currently unavailable)
Stlth   +                        (no amulet)
HPRegen 0.25/turn                (ring currently unavailable)
MPRegen 0.09/turn                (ring currently unavailable)

@: pig-form (expiring), attractive, flying, hasted, very quick
A: fast, no casting, sickness immunity, AC +4, small, negative energy resistance
1, (electricity resistance), torment resistance 1, petrification resistance
a: no special abilities


You were on level 3 of the Dungeon.
You were a filthy swine.
You visited 1 branch of the dungeon, and saw 3 of its levels.

You collected 188 gold pieces.

Inventory:

Hand Weapons
 a - a +0 war axe (melded)
Armour
 c - a +0 buckler (melded)
 p - a +2 ring mail of fire resistance (melded)
Jewellery
 e - a ring of willpower (melded)
Wands
 o - a wand of charming (7)
Scrolls
 f - a scroll of blinking {unknown}
 h - 4 scrolls of teleportation {unknown}
 i - a scroll of fear {unknown}
 j - a scroll of immolation {unknown}
 m - 4 scrolls of identify {unknown}
Potions
 g - a potion of flight


   Skills:
 + Level 4.0 Fighting
 + Level 3.4 Axes
 + Level 3.9 Armour
 + Level 3.8 Shields


You had 4 spell levels left.
You didn't know any spells.
Your spell library contained the following spells:

 Spells                   Type           Power      Damage    Failure   Level
 Summon Guardian Golem    Hex/Summ       0%         N/A       77%         3
 Orb of Destruction       Conj           0%         9d5       100%        7
 Spellforged Servitor     Conj/Summ      0%         N/A       100%        7


Dungeon Overview and Level Annotations

Branches:
Dungeon (3/15)

Altars:

Annotations:
D:3 Ijyb


Innate Abilities, Weirdness & Mutations

You are a filthy swine.
You move quickly.
Your equipment is almost entirely melded.
You are incapable of wielding weapons or throwing items.
You cannot cast spells.
You are immune to sickness and miasma.
((Your stone body is resilient. (AC +4)))
You are immune to poison.
You resist negative energy. (rN+)
((You are resistant to electric shocks. (rElec)))
You are resistant to unholy torment.
You are immune to petrification.


Message History

You are too injured to fight recklessly!
You are too injured to fight recklessly!
You hit Ijyb.
Ijyb is severely wounded.
Ijyb misses you.
You hit Ijyb.
Ijyb is almost dead.
Ijyb barely misses you.
You hit Ijyb but do no damage.
Ijyb is almost dead.
Ijyb hits you with a +0 club.
You closely miss Ijyb.
Ijyb is almost dead.
Ijyb barely misses you.
You hit Ijyb but do no damage.
Ijyb is almost dead.
Your transformation is almost over.
You hit Ijyb.
Ijyb is almost dead.
Ijyb hits you with a +0 club.
* * * LOW HITPOINT WARNING * * *
You hit Ijyb but do no damage.
Ijyb is almost dead.
Ijyb hits you with a +0 club.
* * * LOW HITPOINT WARNING * * *
It was a potion of flight.
You feel very buoyant.
You fly up into the air.
Ijyb barely misses you.
It was a potion of curing.
You feel better. Ijyb hits you with a +0 club.
It was a potion of attraction.
You feel attractive to monsters. Ijyb hits you with a +0 club!
* * * LOW HITPOINT WARNING * * *
It was a potion of haste.
You feel yourself speed up. Ijyb hits you with a +0 club.
* * * LOW HITPOINT WARNING * * *
You hit Ijyb but do no damage.
Ijyb is almost dead.
Ijyb hits you with a +0 club.
You die...

................# #..
...............# #..
...............# #..
..............# #.. #.. ....
####### #.. .......... #.....#
#.. .......... #.###.# #.#
#......#.. #.#hg.# #.# #.g....#.#
#.##### #.# .......#.# #.....#
##.# .......#†#
#.#...###########..#
...)...#'#######...##...........#
...).....g...†.'................#
....)........[##................#
..............##.........##.....#
..............##.........##.....#


You could see Ijyb (resistant).

Vanquished Creatures
  3 gnolls (D:3)
  3 adders (D:3)
  A worm (D:2)
  3 dart slugs
  6 endoplasms
  2 giant cockroaches
  6 goblins
  7 hobgoblins
  2 jackals (D:1)
  6 kobolds
  2 quokkas
  4 ball pythons (D:1)
  5 bats
  3 frilled lizards
  9 rats
62 creatures vanquished.

Vanquished Creatures (others)
  3 fungi (D:2)
3 creatures vanquished.

Grand Total: 65 creatures vanquished

Notes
Turn   | Place    | Note
-------+----------+-------------------------------------------
     0 | D:1      | bande the Gargoyle Fighter began the quest for the Orb.
     0 | D:1      | Reached XP level 1. HP: 14/14 MP: 1/1
   100 | D:1      | Found a faded altar of an unknown god.
   165 | D:1      | Reached XP level 2. HP: 19/19 MP: 2/2
   448 | D:1      | Reached XP level 3. HP: 17/24 MP: 3/3
  1003 | D:2      | Reached XP level 4. HP: 29/29 MP: 4/4
  1559 | D:3      | Reached skill level 4 in Fighting
  1559 | D:3      | Reached XP level 5. HP: 9/33 MP: 5/5
  1561 | D:3      | Noticed Ijyb
  1775 | D:3      | Slain by Ijyb

Illustrated notes

Levels and vault maps discovered:
D:1:      lightli_arrival_boilingwater, layout_loops_ring,
          ebering_ecumenical_altar_hall, minmay_misc_feat_alley,
          due_unseen_surprise
D:2:      layout_rooms, dreamdust_mushroom_princess
D:3:      layout_basic, uniq_ijyb

Skill      XL: |  1  2  3  4 |
---------------+-------------+-----
Axes           | 2 3 |  3.4
Fighting       | 4 |  4.0
Armour         | |  3.9
Shields        | |  3.8

Action                     |  1- 3 |  4- 6 || total
---------------------------+-------+-------++-------
  Melee: War axe           |   102 |    41 ||   143
         Unarmed           |       |    16 ||    16
    Use: Potion            |       |     5 ||     5
 Armour: Scale mail        |    67 |    15 ||    82
         Ring mail         |       |    15 ||    15
  Dodge: Dodged            |    46 |    36 ||    82
  Block: Buckler           |    21 |    14 ||    35

Table legend: (Time is in decaauts)
 A = Elapsed time spent in this place.
 B = Non-inter-level travel time spent in this place.
 C = Inter-level travel time spent in this place.
 D = Time resting spent in this place.
 E = Time spent auto-exploring this place.
 F = Levels seen in this place.
 G = Mean time per level.
                   A        B        C        D        E       F      G
               +--------+--------+--------+--------+--------+-----+--------+
         Total |   1837 |   1705 |    132 |    164 |   1072 |   3 |  612.3 |
       Dungeon |   1837 |   1705 |    132 |    164 |   1072 |   3 |  612.3 |
               +--------+--------+--------+--------+--------+-----+--------+

Top non-repeatable levels by time:
     D:1: 849 daAuts
     D:2: 700 daAuts
     D:3: 287 daAuts
